TOP OF THE 1ST |
Niagara Falls Expos batting - Pitching for York Revolution : LHP Harvey Richards
|
Pitching: LHP Harvey Richards
|
|
Batting: RHB Augusto Encarnación
|
0-0: Called Strike 0-1: Ball 1-1: Foul Ball, location: 2F 1-2: Strikes out looking
|
Batting: RHB Zelmar Barajas
|
0-0: Ball 1-0: Foul Ball, location: 2F 1-1: Ball 2-1: Called Strike 2-2: Ball 3-2: Strikes out swinging
|
Batting: RHB Wu-shiun Wang
|
0-0: Ground out 6-3 (Groundball, 6)
|
Top of the 1st over - 0 run(s), 0 hit(s), 0 error(s), 0 left on base; Niagara Falls 0 - York 0 |
BOTTOM OF THE 1ST |
York Revolution batting - Pitching for Niagara Falls Expos : LHP Sergio Zamora
|
Pitching: LHP Sergio Zamora
|
|
Batting: SHB Carlos González
|
0-0: Ball 1-0: Called Strike 1-1: Swinging Strike 1-2: Foul Ball, location: 2F 1-2: Strikes out swinging
|
Batting: RHB Martín Placido
|
0-0: Fly out, F3 (Line Drive, 3L)
|
Batting: RHB Leo Cadden
|
0-0: SINGLE (Groundball, 15S) (infield hit)
|
Batting: LHB Harold Wiggins
|
0-0: Called Strike 0-1: Swinging Strike 0-2: Ball 1-2: Reached on error, E4 (Groundball, 4M) Leo Cadden to second
|
Batting: RHB Jorge Estrada
|
0-0: Swinging Strike 0-1: Ball 1-1: Swinging Strike 1-2: Ball 2-2: Strikes out swinging
|
Bottom of the 1st over - 0 run(s), 1 hit(s), 1 error(s), 2 left on base; Niagara Falls 0 - York 0 |
TOP OF THE 2ND |
Niagara Falls Expos batting - Pitching for York Revolution : LHP Harvey Richards
|
Batting: RHB Alejandro Garza
|
0-0: Ball 1-0: Foul Ball, location: 2F 1-1: Called Strike 1-2: Foul Ball, location: 2F 1-2: Strikes out swinging
|
Batting: SHB Juan Carlos Santos
|
0-0: Called Strike 0-1: Foul Ball, location: 2F 0-2: Ball 1-2: Foul Ball, location: 2F 1-2: Foul Ball, location: 2F 1-2: Fly out, F4 (Popup, 4D)
|
Batting: SHB Alfredo Sánchez
|
0-0: Ball 1-0: Ball 2-0: Fly out, F9 (Flyball, 9)
|
Top of the 2nd over - 0 run(s), 0 hit(s), 0 error(s), 0 left on base; Niagara Falls 0 - York 0 |
BOTTOM OF THE 2ND |
York Revolution batting - Pitching for Niagara Falls Expos : LHP Sergio Zamora
|
Batting: SHB Roberto Córdova
|
0-0: Called Strike 0-1: Ground out 1-3 (Groundball, 13S)
|
Batting: RHB Chano Guzmán
|
0-0: Foul Ball, location: 2F 0-1: Ball 1-1: Foul Ball, location: 2F 1-2: Ball 2-2: Foul Ball, location: 2F 2-2: Foul Ball, location: 2F 2-2: Strikes out looking
|
Batting: RHB Jorge Barrón
|
0-0: Called Strike 0-1: Foul Ball, location: 2F 0-2: Ball 1-2: Foul Ball, location: 2F 1-2: Strikes out swinging
|
Bottom of the 2nd over - 0 run(s), 0 hit(s), 0 error(s), 0 left on base; Niagara Falls 0 - York 0 |
TOP OF THE 3RD |
Niagara Falls Expos batting - Pitching for York Revolution : LHP Harvey Richards
|
Batting: RHB Pedro Torres
|
0-0: Foul Ball, location: 2F 0-1: Ball 1-1: Ball 2-1: Ball 3-1: Called Strike 3-2: Base on Balls
|
Batting: RHB Mario Germán
|
0-0: Foul Ball, location: 2F 0-1: Ball 1-1: Fly out, F9 (Line Drive, 9)
|
Batting: RHB Gene Lucero
|
0-0: Ball 1-0: Called Strike 1-1: Foul Ball, location: 2F 1-2: Ball 2-2: Foul Ball, location: 2F 2-2: Foul Ball, location: 2F 2-2: Foul Ball, location: 2F 2-2: Foul Ball, location: 2F 2-2: Foul Ball, location: 2F 2-2: Ball 3-2: DOUBLE (Line Drive, 5D) Pedro Torres to third Runner from 3rd tries for Home, SAFE, no throw
|
Batting: RHB Augusto Encarnación
|
0-0: Ball 1-0: Ground out 5-3 (Groundball, 56S) Gene Lucero to third
|
Batting: RHB Zelmar Barajas
|
0-0: Hit by Pitch
|
Batting: RHB Wu-shiun Wang
|
0-0: Ball 1-0: Reached on error, E5 (Groundball, 5) Gene Lucero scores Zelmar Barajas to second
|
Batting: RHB Alejandro Garza
|
0-0: Ball 1-0: Foul Ball, location: 2F 1-1: Ball 2-1: Ball 3-1: Ground out 3-1 (Groundball, 34S)
|
Top of the 3rd over - 2 run(s), 1 hit(s), 1 error(s), 2 left on base; Niagara Falls 2 - York 0 |
BOTTOM OF THE 3RD |
York Revolution batting - Pitching for Niagara Falls Expos : LHP Sergio Zamora
|
Batting: RHB Edgardo Bello
|
0-0: Ball 1-0: Ball 2-0: Fly out, F7 (Line Drive, 7)
|
Batting: SHB Carlos González
|
0-0: Ball 1-0: Ball 2-0: Ball 3-0: Base on Balls
|
Batting: RHB Martín Placido
|
0-0: Ball 1-0: Ground out 3-1 (Groundball, 34S) Carlos González to second
|
Batting: RHB Leo Cadden
|
0-0: Ball 1-0: Ball 2-0: Ball 3-0: Base on Balls
|
Batting: LHB Harold Wiggins
|
0-0: Fly out, F7 (Flyball, 7S)
|
Bottom of the 3rd over - 0 run(s), 0 hit(s), 0 error(s), 2 left on base; Niagara Falls 2 - York 0 |
TOP OF THE 4TH |
Niagara Falls Expos batting - Pitching for York Revolution : LHP Harvey Richards
|
Batting: SHB Juan Carlos Santos
|
0-0: Ground out 4-3 (Groundball, 4M)
|
Batting: SHB Alfredo Sánchez
|
0-0: Called Strike 0-1: Ball 1-1: Swinging Strike 1-2: Strikes out swinging
|
Batting: RHB Pedro Torres
|
0-0: Ball 1-0: Fly out, F8 (Flyball, 8LS)
|
Top of the 4th over - 0 run(s), 0 hit(s), 0 error(s), 0 left on base; Niagara Falls 2 - York 0 |
BOTTOM OF THE 4TH |
York Revolution batting - Pitching for Niagara Falls Expos : LHP Sergio Zamora
|
Batting: RHB Jorge Estrada
|
0-0: Called Strike 0-1: Ball 1-1: Ball 2-1: Swinging Strike 2-2: Ground out 6-3 (Groundball, 6S)
|
Batting: SHB Roberto Córdova
|
0-0: Ball 1-0: Ball 2-0: Foul Ball, location: 2F 2-1: Fly out, F9 (Flyball, 9)
|
Batting: RHB Chano Guzmán
|
0-0: Ball 1-0: Foul Ball, location: 2F 1-1: SINGLE (Line Drive, 56D)
|
Batting: RHB Jorge Barrón
|
0-0: Called Strike 0-1: Fielders Choice at 2nd, 6-4 (Groundball, 6)
|
Bottom of the 4th over - 0 run(s), 1 hit(s), 0 error(s), 0 left on base; Niagara Falls 2 - York 0 |
TOP OF THE 5TH |
Niagara Falls Expos batting - Pitching for York Revolution : LHP Harvey Richards
|
Batting: RHB Mario Germán
|
0-0: Ball 1-0: Ball 2-0: Ball 3-0: Called Strike 3-1: Called Strike 3-2: Base on Balls
|
Pitching: RHP Jeff Mayer
|
|
Batting: RHB Gene Lucero
|
0-0: Bunted foul 0-1: Bunt missed! 0-2: Ball 1-2: Foul Ball, location: 2F 1-2: Ball 2-2: Ball 3-2: Base on Balls Mario Germán to second
|
Batting: RHB Augusto Encarnación
|
0-0: Ball 1-0: Called Strike 1-1: Ball 2-1: Sac Bunt - play at first, batter OUT! 2-4 Mario Germán to third Gene Lucero to second
|
Batting: RHB Zelmar Barajas
|
0-0: Ball 1-0: Called Strike 1-1: Swinging Strike 1-2: Ball 2-2: Strikes out swinging
|
Batting: RHB Wu-shiun Wang
|
0-0: Intentional Walk
|
Batting: RHB Alejandro Garza
|
0-0: Ball 1-0: Fly out, F8 (Flyball, 78M)
|
Top of the 5th over - 0 run(s), 0 hit(s), 0 error(s), 3 left on base; Niagara Falls 2 - York 0 |
BOTTOM OF THE 5TH |
York Revolution batting - Pitching for Niagara Falls Expos : LHP Sergio Zamora
|
Batting: RHB Edgardo Bello
|
0-0: Ball 1-0: Foul Ball, location: 2F 1-1: SINGLE (Line Drive, 9LS)
|
Batting: SHB Carlos González
|
0-0: Sac Bunt - play at first, batter OUT! 1-3 Edgardo Bello to second
|
Batting: RHB Martín Placido
|
0-0: Called Strike 0-1: Foul Ball, location: 2F 0-2: Foul Ball, location: 2F 0-2: Strikes out looking
|
Batting: RHB Leo Cadden
|
0-0: Called Strike 0-1: Called Strike 0-2: Ball 1-2: Ball 2-2: Ball 3-2: Foul Ball, location: 2F 3-2: Base on Balls
|
Batting: LHB Harold Wiggins
|
0-0: Ground out U3 (Groundball, 34)
|
Bottom of the 5th over - 0 run(s), 1 hit(s), 0 error(s), 2 left on base; Niagara Falls 2 - York 0 |
TOP OF THE 6TH |
Niagara Falls Expos batting - Pitching for York Revolution : RHP Jeff Mayer
|
Batting: SHB Juan Carlos Santos
|
0-0: Ball 1-0: Called Strike 1-1: Swinging Strike 1-2: Ball 2-2: Fly out, F9 (Flyball, 9S)
|
Batting: SHB Alfredo Sánchez
|
0-0: Ball 1-0: Ground out 4-3 (Groundball, 34)
|
Batting: RHB Pedro Torres
|
0-0: Ball 1-0: Foul Ball, location: 2F 1-1: Ball 2-1: Foul Ball, location: 2F 2-2: Ball 3-2: Foul Ball, location: 2F 3-2: Foul Ball, location: 2F 3-2: Base on Balls
|
Batting: RHB Mario Germán
|
0-0: Ball 1-0: Called Strike 1-1: Foul Ball, location: 2F 1-2: Ball 2-2: Foul Ball, location: 2F 2-2: Fielders Choice at 2nd, 6-4 (Groundball, 6)
|
Top of the 6th over - 0 run(s), 0 hit(s), 0 error(s), 0 left on base; Niagara Falls 2 - York 0 |
BOTTOM OF THE 6TH |
York Revolution batting - Pitching for Niagara Falls Expos : LHP Sergio Zamora
|
Batting: RHB Jorge Estrada
|
0-0: Called Strike 0-1: Called Strike 0-2: Ground out 6-3 (Groundball, 6)
|
Batting: SHB Roberto Córdova
|
0-0: Called Strike 0-1: Ball 1-1: Ball 2-1: Swinging Strike 2-2: Strikes out swinging
|
Batting: RHB Chano Guzmán
|
0-0: Ball 1-0: Swinging Strike 1-1: Called Strike 1-2: Ground out 6-3 (Groundball, 6)
|
Bottom of the 6th over - 0 run(s), 0 hit(s), 0 error(s), 0 left on base; Niagara Falls 2 - York 0 |
TOP OF THE 7TH |
Niagara Falls Expos batting - Pitching for York Revolution : RHP Jeff Mayer
|
Batting: RHB Gene Lucero
|
0-0: Ball 1-0: Ground out 6-3 (Groundball, 6S)
|
Batting: RHB Augusto Encarnación
|
0-0: DOUBLE (Line Drive, 7D)
|
Batting: RHB Zelmar Barajas
|
0-0: Ball 1-0: Ground out 5-3 (Groundball, 56)
|
Batting: RHB Wu-shiun Wang
|
0-0: Intentional Walk
|
Pitching: RHP Héctor León
|
|
Batting: RHB Alejandro Garza
|
0-0: Foul Ball, location: 2F 0-1: Called Strike 0-2: Fielders Choice at 2nd, 6-4 (Groundball, 6)
|
Top of the 7th over - 0 run(s), 1 hit(s), 0 error(s), 1 left on base; Niagara Falls 2 - York 0 |
BOTTOM OF THE 7TH |
York Revolution batting - Pitching for Niagara Falls Expos : LHP Sergio Zamora
|
Batting: RHB Jorge Barrón
|
0-0: Ground out 1-3 (Groundball, P)
|
Batting: RHB Edgardo Bello
|
0-0: Called Strike 0-1: Called Strike 0-2: Ground out 6-3 (Groundball, 6M)
|
Batting: SHB Carlos González
|
0-0: Ball 1-0: Called Strike 1-1: Fly out, F7 (Flyball, 7)
|
Bottom of the 7th over - 0 run(s), 0 hit(s), 0 error(s), 0 left on base; Niagara Falls 2 - York 0 |
TOP OF THE 8TH |
Niagara Falls Expos batting - Pitching for York Revolution : RHP Héctor León
|
Batting: SHB Juan Carlos Santos
|
0-0: Ball 1-0: Called Strike 1-1: Ball 2-1: Swinging Strike 2-2: Ball 3-2: Base on Balls
|
Batting: SHB Alfredo Sánchez
|
0-0: Ball 1-0: Sac Bunt - play at first, batter OUT! 2-4 Juan Carlos Santos to second
|
Batting: RHB Pedro Torres
|
0-0: Ball 1-0: Foul Ball, location: 2F 1-1: Ball 2-1: Ground out 4-3 (Groundball, 4S) Juan Carlos Santos to third
|
Batting: RHB Mario Germán
|
0-0: Ball 1-0: Ground out 4-3 (Groundball, 4)
|
Top of the 8th over - 0 run(s), 0 hit(s), 0 error(s), 1 left on base; Niagara Falls 2 - York 0 |
BOTTOM OF THE 8TH |
York Revolution batting - Pitching for Niagara Falls Expos : LHP Sergio Zamora
|
Batting: RHB Martín Placido
|
0-0: Ball 1-0: Ball 2-0: Ball 3-0: Called Strike 3-1: Ground out U3 (Groundball, 34)
|
Batting: RHB Leo Cadden
|
0-0: Ground out 1-3 (Groundball, 13S)
|
Batting: LHB Harold Wiggins
|
0-0: Ball 1-0: Swinging Strike 1-1: Called Strike 1-2: Strikes out swinging
|
Bottom of the 8th over - 0 run(s), 0 hit(s), 0 error(s), 0 left on base; Niagara Falls 2 - York 0 |
TOP OF THE 9TH |
Niagara Falls Expos batting - Pitching for York Revolution : RHP Héctor León
|
Pitching: RHP Chang-bum P'i
|
|
Batting: RHB Gene Lucero
|
0-0: Ball 1-0: Ball 2-0: Ball 3-0: Called Strike 3-1: Base on Balls
|
Batting: RHB Augusto Encarnación
|
0-0: Bunted foul 0-1: Bunted foul 0-2: Ball 1-2: Fly out, F6 (Line Drive, 6M)
|
Batting: RHB Zelmar Barajas
|
0-0: Called Strike 0-1: Swinging Strike 0-2: Ball 1-2: Foul Ball, location: 2F 1-2: Ball 2-2: Foul Ball, location: 2F 2-2: Foul Ball, location: 2F 2-2: Strikes out swinging
|
Batting: RHB Wu-shiun Wang
|
0-0: Ball 1-0: Swinging Strike 1-1: Swinging Strike 1-2: Ball 2-2: Strikes out swinging
|
Top of the 9th over - 0 run(s), 0 hit(s), 0 error(s), 1 left on base; Niagara Falls 2 - York 0 |
BOTTOM OF THE 9TH |
York Revolution batting - Pitching for Niagara Falls Expos : LHP Sergio Zamora
|
Pitching: LHP Cherles Gachineiro
|
|
Batting: RHB Jorge Estrada
|
0-0: Swinging Strike 0-1: Ball 1-1: Ball 2-1: Foul Ball, location: 2F 2-2: Ball 3-2: Strikes out swinging
|
Batting: SHB Roberto Córdova
|
0-0: Ball 1-0: SINGLE (Groundball, 6MD)
|
Pinch Runner at 1st Francisco Rodríguez:
|
|
Batting: RHB Chano Guzmán
|
0-0: Ball 1-0: Ball 2-0: Swinging Strike 2-1: Swinging Strike 2-2: Strikes out looking
|
Batting: RHB Jorge Barrón
|
0-0: Foul Ball, location: 2F 0-1: Ball 1-1: SINGLE (Flyball, 9S) Francisco Rodríguez to second Runner from 2nd tries for 3rd, SAFE, no throw
|
Batting: RHB Edgardo Bello
|
0-0: Called Strike 0-1: Swinging Strike 0-2: SINGLE (Flyball, 8RS) Francisco Rodríguez scores Jorge Barrón to second Runner from 2nd tries for 3rd, SAFE, throw made to third
|
Batting: SHB Carlos González
|
0-0: SINGLE (Line Drive, 34D) Jorge Barrón scores Edgardo Bello to second
|
Pinch Runner at 2nd Terry Cheadle:
|
|
Batting: RHB Martín Placido
|
0-0: Ball 1-0: SINGLE (Line Drive, 6D) Terry Cheadle to third Carlos González to second Runner from 3rd tries for Home, SAFE, throw made at trailing runner, SAFE at third!
|
Friday, December 30th, 2016 - OOTP Baseball 17.12 Build 75
|
|